 Dungeon Crawl Stone Soup version 0.29.1-2-gbd0b4ee654 (webtiles) character file.

Game seed: 3141725121988384900

7 Linkola the Shield-Bearer (level 1, 0/20 HPs)
             Began as a Minotaur Fighter on Nov 3, 2022.
             Slain by a rat (2 damage)
             ... on level 1 of the Dungeon.
             The game lasted 00:00:37 (450 turns).

Linkola the Shield-Bearer (Minotaur Fighter)         Turns: 450, Time: 00:00:38

Health: 0/20       AC:  7    Str: 20    XL:     1   Next: 91%
Magic:  0/0        EV:  9    Int:  5    God:
Gold:   18         SH:  4    Dex:  9    Spells: 0/0 levels left

rFire   . . .      SeeInvis .   a - +0 flail
rCold   . . .      Faith    .   c - +0 buckler
rNeg    . . .      Spirit   .   b - +0 scale mail
rPois   .          Reflect  .   (helmet restricted)
rElec   .          Harm     .   (no cloak)
rCorr   .          Rampage  .   (no gloves)
Will    .....                   (no boots)
Stlth   ..........              (no amulet)
HPRegen 0.06/turn               (no ring)
MPRegen 0.07/turn               (no ring)

@: no status effects
A: horns 2, retaliatory headbutt
a: no special abilities


You were on level 1 of the Dungeon.
You visited 1 branch of the dungeon, and saw 1 of its levels.

You collected 18 gold pieces.

Inventory:

Hand Weapons
 a - a +0 flail (weapon)
Armour
 b - a +0 scale mail (worn)
 c - a +0 buckler (worn)
Potions
 d - a potion of might


   Skills:
 + Level 3.8 Fighting
 + Level 2.5 Maces & Flails
 * Level 0.3 Throwing
 + Level 3.8 Armour
 + Level 3.8 Shields


You couldn't memorise any spells.
You didn't know any spells.
Your spell library contained the following spells:

 Spells                   Type           Power      Damage    Failure   Level
 Ozocubu's Armour         Ice            0%         N/A       99%         3
 Ozocubu's Refrigeration  Ice            0%         4d7       100%        7


Dungeon Overview and Level Annotations

Branches:
Dungeon (1/15)

Altars:


Innate Abilities, Weirdness & Mutations

You have a pair of horns on your head.
You reflexively headbutt those who attack you in melee.


Message History

The goblin shouts!
A rat comes into view.
The goblin hits you but does no damage.
You are poisoned.
You see here 3 stones.
You barely miss the goblin.
You feel sick. The goblin hits you but does no damage.
You are more poisoned.
You sock the goblin!
You kill the goblin!
You feel very sick. The rat completely misses you.
The rat bites you but does no damage.
You barely miss the rat. Your headbutt misses the rat.
You feel very sick. The rat bites you but does no damage.
You are too injured to fight recklessly!
You are too injured to fight recklessly!
You are too injured to fight recklessly!
You are too injured to fight recklessly!
You are too injured to fight recklessly!
You are too injured to fight recklessly!
You are too injured to fight recklessly!
You are too injured to fight recklessly!
You are too injured to fight recklessly!
You are too injured to fight recklessly!
You closely miss the rat.
You feel sick. The rat closely misses you.
You barely miss the rat. Your headbutt misses the rat.
You feel sick. The rat barely misses you. The rat bites you but does no damage.
You closely miss the rat.
You feel sick. The rat bites you.
* * * LOW HITPOINT WARNING * * *
You hit the rat but do no damage.
You feel sick.
The rat twitches its whiskers.
The rat completely misses you.
You completely miss the rat.
* * * LOW HITPOINT WARNING * * *
You feel sick.
You are no longer poisoned.
You block the rat's attack. x2
You closely miss the rat. Your headbutt misses the rat. The rat bites you.
You die...

########.#..............##.###...
#.#.#..†#.###.#...........
#.#..#..#.###.#.#.#####.##
#.#.##....#...#.#.# #.#
#.#.##........#.### ###.##
#.#.##.#..#.#.#.. #.....
#.......#.#.#.# ###.##
####......#...# #.#
##..@#.#...#.#####.##
......#)r...#.#......>..
#####.#.......###.######
#.#.....#.. ###.....# # ##
#.....# #. #.....# #. #.###.# #.
##


You could see a rat.

Vanquished Creatures
  3 endoplasms (D:1)
  A goblin (D:1)
  A bat (D:1)
  2 frilled lizards (D:1)
7 creatures vanquished.

Notes
Turn   | Place    | Note
-------+----------+-------------------------------------------
     0 | D:1      | Linkola the Minotaur Fighter began the quest for the Orb.
     0 | D:1      | Reached XP level 1. HP: 19/19 MP: 0/0
    71 | D:1      | Found a faded altar of an unknown god.
   450 | D:1      | Slain by a rat

Illustrated notes

Levels and vault maps discovered:
D:1:      evilmike_arrival_hilbert_curve, layout_basic,
          chequers_ecumenical_altar_simple_redux

Action                   || total
-------------------------++-------
Melee: Flail             ||    20
       Headbutt          ||     1
Armor: Scale mail        ||     8
Dodge: Dodged            ||    10
Block: Buckler           ||     5
